 Dungeon Crawl Stone Soup version 0.31-a0-986-g5e6e4ef867 (webtiles) character file.

Game seed: 16442567691903502162

2718 sokol815 the Covert (level 9, -8/54 HPs)
             Began as an Octopode Brigand on Nov 3, 2023.
             Was an Initiate of Gozag.
             Shot with a sling bullet by Joseph (17 damage)
             ... on level 7 of the Dungeon.
             The game lasted 00:11:23 (6061 turns).

sokol815 the Covert (Octopode Brigand)              Turns: 6061, Time: 00:11:24

Health: -8/54      AC:  5    Str: 10    XL:     9   Next: 66%
Magic:  9/9        EV: 13    Int: 14    God:    Gozag
Gold:   732        SH:  0    Dex: 17    Spells: 8/8 levels left

rFire   + . .        a - +3 dagger (spect)
rCold   x . .        (no shield)
rNeg    + . .        (helmet restricted)
rPois   .            (no amulet)
rElec   .            A - +4 ring of protection
rCorr   .            N - ring of positive energy {rN+}
SInv    .            f - ring of fire {rF+, rC-}
Will    .....        (no ring)
Stlth   ++++++       (no ring)
HPRegen 0.29/turn    (no ring)
MPRegen 0.11/turn    (no ring)
                     (no ring)

%: no passive effects
@: gold aura
A: almost no armour, amphibious, 8 rings, camouflage 1, gelatinous body 1,
(nimble swimmer 1), tentacles
a: Renounce Religion, Potion Petition, Call Merchant, Bribe Branch


You were on level 7 of the Dungeon.
You worshipped Gozag.
Gozag was pleased with you.
You visited 2 branches of the dungeon, and saw 8 of its levels.

You collected 878 gold pieces.
You spent 61 gold pieces at shops.
You paid 85 gold pieces to Gozag.

Inventory:

Hand Weapons
 a - a +3 spectral dagger (weapon)
 h - the +7 staff of the Meek {protect, meekguard}
   (You found it on level 4 of the Dungeon)
 k - a +2 whip of freezing
   (You took it off a gnoll on level 4 of the Dungeon)
Missiles
 b - 12 poisoned darts
 d - 2 darts of dispersal {=f}
 g - 3 boomerangs
 s - 67 stones
Jewellery
 f - a ring of fire (on tentacle) {rF+, rC-}
   (You found it on level 1 of the Dungeon)
 A - a +4 ring of protection (left tentacle)
   (You found it on level 1 of the Dungeon)
 N - a ring of positive energy (right tentacle) {rN+}
   (You found it on level 6 of the Dungeon)
Wands
 q - a wand of flame (27)
   (You found it on level 4 of the Dungeon)
Scrolls
 l - a scroll of amnesia
 m - a scroll of brand weapon
 n - 2 scrolls of identify {@r1}
 E - a scroll of fear
 Y - a scroll of teleportation {@r3}
Potions
 e - a potion of magic
 i - 3 potions of enlightenment
 j - a potion of cancellation {unknown}
 H - a potion of haste
 J - 2 potions of curing {@q1}
 M - 2 potions of might
 U - 4 potions of mutation {!q}


   Skills:
 - Level 2.0 Fighting
 - Level 10.0 Short Blades
 - Level 2.0 Throwing
 - Level 1.0 Dodging
 + Level 13.1 Stealth


You had 8 spell levels left.
You didn't know any spells.
Your spell library contained the following spells:

 Spells                   Type           Power      Damage    Failure   Level
 Kiss of Death            Conj/Necr      0%         2d5       28%         1
 Magic Dart               Conj           0%         1d3       28%         1
 Necrotise                Necr           0%         1d4       28%         1
 Cigotuvi's Dreadful Rot  Necr/Pois/Air  0%         N/A       41%         2
 Ignite Poison            Fire/Tmut/Pois 0%         N/A       65%         3
 Freezing Cloud           Conj/Ice/Air   0%         6-21      100%        5
 Iskenderun's Battlesphe  Conj           0%         2d6       100%        5
 Bombard                  Conj/Erth      0%         9d1       100%        6
 Spellforged Servitor     Conj/Summ      0%         N/A       100%        7


Dungeon Overview and Level Annotations

Branches:
Dungeon (7/15) Zot: 26620  Temple (1/1) D:5 Zot: 5952

Altars:
Ashenzari
Cheibriados
Dithmenos
Elyvilon
Fedhas
Gozag
Hepliaklqana
Kikubaaqudgha
Makhleb
Nemelex Xobeh
Okawaru
Qazlal
Ru
Sif Muna
Trog
Wu Jian
Xom
Yredelemnul
Zin
The Shining One

Shops:
D:1 (   D:3 !((   D:4 [   D:7 *:

Annotations:
D:6 3 runed translucent doors, PowderKeg's ghost, weakling FoDe
D:7 Joseph


Innate Abilities, Weirdness & Mutations

You cannot wear most types of armour.
You are amphibious.
You can wear up to eight rings at the same time.
Your skin changes colour to match your surroundings (Stealth+).
Your rubbery body absorbs attacks. (AC +1, EV +1)
((You are camouflaged when in or above water. (Stealth+)))
You have tentacles for arms and can constrict up to eight enemies at once.


Message History

You now have 680 gold pieces (gained 30).
Things that are here:
a +0 short sword; a +0 robe You now have 694 gold pieces (gained 14).
You now have 717 gold pieces (gained 23).
Things that are here:
a +0 short sword; a +0 robe You now have 732 gold pieces (gained 15).
Things that are here:
a +0 short sword; a +0 robe
There is an open door here.
A gnoll sergeant comes into view. It is wielding a +5 spear of flaming.
Health restored: 54 An iguana comes into view.
A centaur comes into view.
Okay, then.
Throw: 3 darts (curare)
Press: ? - help, Q - select action, (/) - cycle Shift-Dir - straight line, f - gnoll sergeant
Aim: a gnoll sergeant, wielding a +5 spear of flaming and wearing a +0 scale mail (asleep, 98% to hit)
You throw a curare-tipped dart.
The curare-tipped dart hits the gnoll sergeant.
The gnoll sergeant is poisoned.
The gnoll sergeant convulses.
The gnoll sergeant seems to slow down.
The gnoll sergeant shouts!
The iguana hisses angrily.
Throw: 2 darts (curare)
Press: ? - help, Q - select action, (/) - cycle Shift-Dir - straight line, f/p - gnoll sergeant
Aim: a gnoll sergeant, wielding a +5 spear of flaming and wearing a +0 scale mail (moderately wounded, very poisoned, slow, 67% to hit)
You throw a curare-tipped dart.
The curare-tipped dart hits the gnoll sergeant.
The gnoll sergeant looks as sick as possible!
The gnoll sergeant convulses.
The gnoll sergeant seems to be slow for longer.
The centaur shouts!
The centaur wields a +0 orcbow.
The centaur shoots an arrow.
The arrow hits you!
You take 13 damage, and have 41/54 hp.
MASSIVE DAMAGE!!
Throw: dart (curare)
Press: ? - help, Q - select action, (/) - cycle Shift-Dir - straight line, f/p - gnoll sergeant
Aim: a gnoll sergeant, wielding a +5 spear of flaming and wearing a +0 scale mail (severely wounded, extremely poisoned, slow, 67% to hit)
You throw a curare-tipped dart.
The curare-tipped dart barely misses the gnoll sergeant.
You hit the iguana. You grab the iguana. You squeeze the iguana!
You kill the iguana!
The centaur shoots an arrow.
The arrow hits you.
The gnoll sergeant hits you from afar with a +5 spear of flaming.
You take 4 damage, and have 37/54 hp.
The centaur shoots an arrow.
The arrow hits you.
Joseph, a Mercenary comes into view.
He is wielding a +0 quarterstaff and wearing a +0 leather armour of cold resistance.
You see here 6 gold pieces.
You take 4 damage, and have 33/54 hp.
You hit the gnoll sergeant but do no damage.
You grab the gnoll sergeant.
You squeeze the gnoll sergeant, but do no damage.
Your +3 spectral dagger hits the gnoll sergeant.
You kill the gnoll sergeant!
The centaur shoots an arrow.
The arrow hits you!
You take 9 damage, and have 24/54 hp.
Your +3 spectral dagger disappears.
The centaur unwields a +0 orcbow.
The centaur hits you.
The centaur kicks you but does no damage.
The centaur hits you but does no damage.
The centaur kicks you.
You take 2 damage, and have 22/54 hp.
The centaur barely misses you. x2
You see here a curare-tipped dart.
You hit the centaur. You squeeze the centaur.
Your +3 spectral dagger hits the centaur.
The centaur hits you but does no damage.
The centaur closely misses you.
You hit the centaur.
Your +3 spectral dagger hits the centaur.
Joseph unwields a +0 quarterstaff.
Joseph wields a +0 sling.
Joseph shoots a sling bullet.
The sling bullet hits your +3 spectral dagger!
Your spectral weapon shares its damage with you!
* * * LOW HITPOINT WARNING * * *
You take 9 damage, and have 14/54 hp.
You hit the centaur but do no damage.
Your +3 spectral dagger barely misses the centaur.
The centaur barely misses you. x2
You hit the centaur.
Your +3 spectral dagger hits the centaur but does no damage.
The centaur barely misses you. x2
You hit the centaur. Your squeeze misses the centaur.
Your +3 spectral dagger hits the centaur.
The centaur hits you but does no damage.
The centaur kicks you but does no damage.
You hit the centaur.
You kill the centaur!
Your +3 spectral dagger disappears.
Joseph shoots a sling bullet.
The sling bullet hits you.
* * * LOW HITPOINT WARNING * * *
Your Stealth skill increases to level 13!
You take 6 damage, and have 8/54 hp.
Found a ring mail.
Found a stone staircase leading up.
Joseph shoots a sling bullet.
The sling bullet hits you!
You die...
Your body crumbles into a pile of gold.

....#..#).#..#..'.#
.....#..#..#..#..#.#
....[.###.##.##.###.#
.#..#..#).#.#..#
#..#..#..###..#
###.#######..##
#..#.####....#
#..###(.$....#
#)##((@$....##
###..........#
#....@......#
#...........#
#.......#...##
#......##...#
#......# ....[
#<.....# ....


You could see Joseph.

Vanquished Creatures
  Sigmund (D:5)
  2 steam dragons
  Menkaure (D:5)
  A water moccasin (D:5)
  Duvessa (D:5)
  A black bear (D:6)
  2 sky beasts
  5 ice beasts
  An ogre (D:5)
  2 centaurs
  A bullfrog (D:6)
  A gnoll sergeant (D:7)
  2 scorpions
  A wight (D:7)
  Dowan (D:5)
  3 hounds
  4 orc priests
  A gnoll bouda (D:7)
  2 iguanas
  A sleepcap (D:6)
  An orc wizard (D:3)
  16 gnolls
  6 adders
  A white imp (D:7)
  4 ufetubi
  4 worms
  4 dart slugs
  18 orcs
  8 ball pythons
  2 endoplasms
  2 giant cockroaches
  5 goblins
  3 hobgoblins
  7 jackals
  3 kobolds
  3 quokkas
  3 bats (D:1)
  4 frilled lizards
  2 rats
130 creatures vanquished.

Notes
Turn   | Place    | Note
-------+----------+-------------------------------------------
     0 | D:1      | sokol815 the Octopode Brigand began the quest for the Orb.
     0 | D:1      | Reached XP level 1. HP: 14/14 MP: 1/1
    81 | D:1      | Found Ulikh's Weapon Boutique.
   153 | D:1      | Reached XP level 2. HP: 19/19 MP: 2/2
   234 | D:1      | Reached skill level 3 in Short Blades
   234 | D:1      | Reached XP level 3. HP: 24/24 MP: 3/3
   824 | D:2      | Reached skill level 6 in Stealth
  1155 | D:2      | Reached XP level 4. HP: 29/29 MP: 4/4
  1311 | D:2      | Found an ancient bone altar of Kikubaaqudgha.
  1715 | D:3      | Found Haarann's Distillery.
  1723 | D:3      | Bought a potion of degeneration for 13 gold pieces
  1735 | D:3      | Reached skill level 4 in Short Blades
  1753 | D:3      | Found a blossoming altar of Fedhas.
  1839 | D:3      | Identified the +0 robe "Avycubru" {Harm rElec Will- Str+2}
  1897 | D:3      | HP: 1/29 [orc priest/divine providence (11)]
  1905 | D:3      | HP: 4/29 [jackal (3)]
  2121 | D:3      | Reached XP level 5. HP: 34/34 MP: 5/5
  2139 | D:3      | Reached skill level 7 in Stealth
  2406 | D:4      | Identified the "Nion"
  2527 | D:3      | Found Laorar's Weapon Boutique.
  2594 | D:3      | Found Ifiafea's Antique Weapon Emporium.
  2733 | D:4      | Found a white marble altar of Elyvilon.
  2733 | D:4      | Found a sparkling altar of Nemelex Xobeh.
  2810 | D:4      | Found Riass's Antique Armour Emporium.
  2891 | D:4      | Reached skill level 5 in Short Blades
  2925 | D:4      | Found a bloodstained altar of Trog.
  3036 | D:4      | Noticed an ice beast
  3039 | D:4      | Killed an ice beast
  3040 | D:4      | Reached XP level 6. HP: 39/39 MP: 6/6
  3201 | D:4      | You fall into a shaft and drop 1 floor!
  3201 | D:5      | Entered Level 5 of the Dungeon
  3264 | D:5      | Found a staircase to the Ecumenical Temple.
  3278 | D:5      | Reached skill level 6 in Short Blades
  3282 | Temple   | Entered the Ecumenical Temple
  3324 | Temple   | Became a worshipper of Gozag Ym Sagoz the Greedy
  3340 | D:5      | Noticed a water moccasin
  3347 | D:5      | Reached skill level 8 in Stealth
  3347 | D:5      | Reached XP level 7. HP: 45/45 MP: 7/7
  3388 | D:5      | Noticed Sigmund
  3397 | D:5      | Killed Sigmund
  3465 | D:5      | Reached skill level 7 in Short Blades
  3556 | D:5      | Noticed Menkaure
  3562 | D:5      | Killed Menkaure
  3563 | D:5      | Reached skill level 9 in Stealth
  3563 | D:5      | Reached XP level 8. HP: 50/50 MP: 8/8
  3606 | D:5      | Noticed Duvessa
  3606 | D:5      | Noticed Dowan
  3700 | D:4      | Found the +7 staff of the Meek {protect, meekguard}
  4117 | D:5      | Killed Duvessa
  4118 | D:5      | Reached skill level 8 in Short Blades
  4121 | D:5      | Killed Dowan
  4660 | D:6      | Reached skill level 10 in Stealth
  4883 | D:5      | Reached skill level 9 in Short Blades
  5007 | D:6      | Found a glowing silver altar of Zin.
  5105 | D:6      | Reached XP level 9. HP: 54/54 MP: 9/9
  5171 | D:6      | Found a runed translucent gate.
  5171 | D:6      | Found a runed translucent gate.
  5171 | D:6      | Noticed PowderKeg's ghost (weakling FoDe)
  5172 | D:6      | Found a runed translucent gate.
  5173 | D:6      | Identified the +1 chain mail "Jal Xio" {Dex+5 Slay-5}
  5404 | D:6      | Reached skill level 11 in Stealth
  5675 | D:7      | Found Peodusk's General Store.
  5682 | D:7      | Bought a scroll of identify for 24 gold pieces
  5682 | D:7      | Bought a scroll of identify for 24 gold pieces
  5693 | D:7      | Found Leag Zue's Book Boutique.
  5730 | D:7      | HP: 12/54 [gnoll/+0 flail[a gnoll bouda] (11)]
  5898 | D:7      | Reached skill level 10 in Short Blades
  5925 | D:7      | Reached skill level 12 in Stealth
  6051 | D:7      | Noticed Joseph
  6060 | D:7      | HP: 8/54 [Joseph/sling bullet (6)]
  6061 | D:7      | Reached skill level 13 in Stealth
  6061 | D:7      | Shot with a sling bullet by Joseph

Illustrated notes

Levels and vault maps discovered:
D:1:      dpeg_arrival_arbitrary_b, layout_loops_ring, serial_shops, shop,
          chequers_serial_rivers_micro_b
D:2:      layout_basic, basic_altar
D:3:      layout_basic, fedhas_altar_2, serial_shops, nicolae_shop_scrapyard,
          nicolae_shop_back_alley_shop, shop
D:4:      layout_cave_pods, gammafunk_temple_overflow_elements,
          mainiacjoe_overflow_brackets, serial_shops,
          nicolae_shop_tiny_real_fake_doors, pf_guarded_unrand_meek
D:5:      layout_loops_ring, minmay_temple_entry_statues_pillars, uniq_sigmund,
          uniq_menkaure, uniq_duvessa
D:6:      layout_gridville, zin_statuary, biasface_ghost_orc_armoury,
          grunt_decor_cap
D:7:      minmay_s_stair_smasher, layout_gridville, serial_shops, shop, shop,
          shop, shop, uniq_joseph
Temple:   minmay_freezing_vapour_temple

Skill      XL: |  1  2  3  4  5  6  7  8  9 |
---------------+----------------------------+-----
Short Blades   | 3 4 5 6 7 9 10 | 10.0
Stealth        | 6 7 8 9 10 13 | 13.1
Fighting       | |  2.0
Throwing       | |  2.0
Dodging        | |  1.0

Action                     |  1- 3 |  4- 6 |  7- 9 || total
---------------------------+-------+-------+-------++-------
  Melee: Dagger            |    40 |    98 |   185 ||   323
         Constrict         |     8 |    20 |    33 ||    61
         Tentacles         |     5 |    16 |    49 ||    70
         Punch             |       |       |     3 ||     3
  Throw: Dart              |       |     9 |     3 ||    12
    Use: Scroll            |       |     9 |     4 ||    13
         Potion            |       |     2 |       ||     2
   Stab: Sleeping          |    15 |    13 |    11 ||    39
         Distracted        |       |     1 |     4 ||     5
 Armour: Skin              |     9 |    46 |    82 ||   137
  Dodge: Dodged            |    10 |    43 |    65 ||   118

Table legend: (Time is in decaauts)
 A = Elapsed time spent in this place.
 B = Non-inter-level travel time spent in this place.
 C = Inter-level travel time spent in this place.
 D = Time resting spent in this place.
 E = Time spent auto-exploring this place.
 F = Levels seen in this place.
 G = Mean time per level.
                   A        B        C        D        E       F      G
               +--------+--------+--------+--------+--------+-----+--------+
         Total |   5935 |   5676 |    259 |    370 |   4405 |   8 |  741.9 |
       Dungeon |   5888 |   5634 |    254 |    370 |   4368 |   7 |  841.1 |
        Temple |     47 |     42 |      5 |      0 |     37 |   1 |   47.0 |
               +--------+--------+--------+--------+--------+-----+--------+

Top non-repeatable levels by time:
     D:4: 1016 daAuts
     D:2: 988 daAuts
     D:6: 977 daAuts
     D:5: 930 daAuts
     D:3: 831 daAuts
     D:1: 763 daAuts
     D:7: 379 daAuts
  Temple: 47 daAuts

Levels and vault maps discovered:
D:1:      dpeg_arrival_arbitrary_b, layout_loops_ring, serial_shops, shop,
          chequers_serial_rivers_micro_b
D:2:      layout_basic, basic_altar
D:3:      layout_basic, fedhas_altar_2, serial_shops, nicolae_shop_scrapyard,
          nicolae_shop_back_alley_shop, shop
D:4:      layout_cave_pods, gammafunk_temple_overflow_elements,
          mainiacjoe_overflow_brackets, serial_shops,
          nicolae_shop_tiny_real_fake_doors, pf_guarded_unrand_meek
D:5:      layout_loops_ring, minmay_temple_entry_statues_pillars, uniq_sigmund,
          uniq_menkaure, uniq_duvessa
D:6:      layout_gridville, zin_statuary, biasface_ghost_orc_armoury,
          grunt_decor_cap
D:7:      minmay_s_stair_smasher, layout_gridville, serial_shops, shop, shop,
          shop, shop, uniq_joseph
Temple:   minmay_freezing_vapour_temple

Table legend: (Time is in decaauts)
 A = Elapsed time spent in this place.
 B = Non-inter-level travel time spent in this place.
 C = Inter-level travel time spent in this place.
 D = Time resting spent in this place.
 E = Time spent auto-exploring this place.
 F = Levels seen in this place.
 G = Mean time per level.
                   A        B        C        D        E       F      G
               +--------+--------+--------+--------+--------+-----+--------+
         Total |   5935 |   5676 |    259 |    370 |   4405 |   8 |  741.9 |
       Dungeon |   5888 |   5634 |    254 |    370 |   4368 |   7 |  841.1 |
        Temple |     47 |     42 |      5 |      0 |     37 |   1 |   47.0 |
               +--------+--------+--------+--------+--------+-----+--------+

Top non-repeatable levels by time:
     D:4: 1016 daAuts
     D:2: 988 daAuts
     D:6: 977 daAuts
     D:5: 930 daAuts
     D:3: 831 daAuts
     D:1: 763 daAuts
     D:7: 379 daAuts
  Temple: 47 daAuts

Table legend:
 A = Kills in this place as a percentage of kills in the entire game.
 B = Kills by you in this place as a percentage of kills by you in the entire game.
 C = Kills by friends in this place as a percentage of kills by friends in the entire game.
 D = Other kills in this place as a percentage of other kills in the entire game.
 E = Experience gained in this place as a percentage of experience gained in the entire game.
 F = Experience gained in this place divided by the number of levels of this place that you have seen.
                   A       B       C       D       E      F
               +-------+-------+-------+-------+-------+----------------------
         Total | 100.0 | 100.0 |   N/A |   N/A | 100.0 | 485.4
       Dungeon | 100.0 | 100.0 |   N/A |   N/A | 100.0 | 554.7
               +-------+-------+-------+-------+-------+----------------------
